 Dungeon Crawl Stone Soup version 0.30.0-18-gc0e69614cb (webtiles) character file.

Game seed: 7130215431061027204

2676478 Chodeload the Imperceptible (level 26, 165/165 HPs)
             Began as a Spriggan Wanderer on May 22, 2023.
             Was the Champion of Ashenzari.
             Escaped with the Orb
             ... and 4 runes on May 24, 2023!
             The game lasted 06:35:16 (55461 turns).

Chodeload the Imperceptible (Spriggan Wanderer)    Turns: 55461, Time: 06:35:17

Health: 165/165    AC:  5    Str:  8    XL:     26   Next: 25%
Magic:  60/60      EV: 36    Int: 32    God:    Ashenzari [******]
Gold:   4523       SH:  9    Dex: 20    Spells: 1/71 levels left

rFire   + + .        a - +5 hand crossbow of Toth-Mos's Legacy {freeze, Cun, Comp} (curse)
rCold   + . .        f - +3 buckler "Behold Eternity" {rC+ rF+, Evo, Comp} (curse)
rNeg    . . .        R - +1 robe of Vines {NoPotionHeal Regen++++, Range, Bglg} (curse)
rPois   +            d - +2 hat "Pragmatism of Ashenzari" {Int+3, Self, Comp} (curse)
rElec   +            h - scarf of the Sibylline Stars {repulsion, rElec Regen+ Slay+2, Comp, Bglg} (curse)
rCorr   +            (gloves unavailable)
SInv    +            (boots unavailable)
Will    ++++.        V - amulet "Eternal Together" {RegenMP rPois Int+5, Bglg, Self} (curse)
Stlth   ++++         c - ring "Augurer of Ashenzari" {Wiz MP+9 Str+2, Melee, Comp} (curse)
HPRegen 4.47/turn    l - ring "Manifest Doubts" {Fly rCorr Int+4, Self, Evo} (curse)
MPRegen 0.77/turn

%: repel missiles, clarity, wizardry (x1)
@: flying, studying Axes, very quick
A: very small, no large weapons, unfitting armour, see invisible, speed 3, fire
resistance 1, weak 1
0: Orb of Zot
}: 4/15 runes: decaying, serpentine, slimy, silver
a: Renounce Religion, Shatter the Chains


You escaped.
You worshipped Ashenzari.
Ashenzari was exalted by your worship.
You visited 11 branches of the dungeon, and saw 53 of its levels.
You also visited: Sewer, Ossuary, Gauntlet and Ice Cave.

You collected 8825 gold pieces.
You spent 4302 gold pieces at shops.

Inventory:

Hand Weapons
 a - the cursed +5 hand crossbow of Toth-Mos's Legacy (weapon) {freeze, Cun, Comp}
   (You took it off a vault sentinel on level 1 of the Vaults)

   It has a curse which improves the following skills: Cunning: Dodging and
   Stealth.
   Companions: Summonings and Necromancy.
 b - the +10 eveningstar of Chodeload's Anguish {heavy, rF+ rC+}
   (You found it on level 5 of the Pits of Slime)

   rF:        It protects you from fire.
   rC:        It protects you from cold.
Missiles
 F - 14 silver boomerangs
 P - 11 throwing nets
Armour
 d - the cursed +2 hat "Pragmatism of Ashenzari" (worn) {Int+3, Self, Comp}
   (You took it off Gastronok on level 1 of the Lair of Beasts)

   It has a curse which improves the following skills: Introspection: Fighting
   and Spellcasting.
   Companions: Summonings and Necromancy.
 f - the cursed +3 buckler "Behold Eternity" (worn) {rC+ rF+, Evo, Comp}
   (You took it off a tengu warrior on level 12 of the Dungeon)

   It has a curse which improves the following skills: Evocations: Evocations.
   Companions: Summonings and Necromancy.
 h - the cursed scarf of the Sibylline Stars (worn) {repulsion, rElec Regen+ Slay+2, Comp, Bglg}
   (You found it on level 2 of the Lair of Beasts)

   Slay:      It affects your accuracy & damage with ranged weapons and melee
   (+2).
   rElec:     It insulates you from electricity.
   Regen:     It increases your rate of health regeneration.
   It has a curse which improves the following skills: Companions: Summonings
   and Necromancy.
   Beguiling: Conjurations, Hexes and Translocations.
 R - the cursed +1 robe of Vines (worn) {NoPotionHeal Regen++++, Range, Bglg}
   (You found it on level 7 of the Dungeon)

   NoPotionHeal: Its wearer cannot be healed by potions.
   Regen:     It increases your rate of health regeneration.
   It has a curse which improves the following skills: Ranged Combat: Ranged
   Weapons and Throwing.
   Beguiling: Conjurations, Hexes and Translocations.
Jewellery
 c - the cursed ring "Augurer of Ashenzari" (left hand) {Wiz MP+9 Str+2, Melee, Comp}
   (You took it off a deep elf master archer on level 3 of the Elven Halls)

   [ring of wizardry]

   It improves your spell success rate.
   Str:       It affects your strength (+2).
   MP:        It affects your magic capacity (+9).
   It has a curse which improves the following skills: Melee Combat: Short
   Blades, Long Blades, Axes, Maces & Flails, Polearms, Staves and Unarmed
   Combat.
   Companions: Summonings and Necromancy.
 l - the cursed ring "Manifest Doubts" (right hand) {Fly rCorr Int+4, Self, Evo}
   (You took it off a deep elf death mage on level 3 of the Elven Halls)

   [ring of flight]

   Int:       It affects your intelligence (+4).
   Fly:       It grants you flight.
   rCorr:     It protects you from acid and corrosion.
   It has a curse which improves the following skills: Introspection: Fighting
   and Spellcasting.
   Evocations: Evocations.
 m - a ring of protection from fire
 n - a ring of poison resistance
 T - a ring of protection from cold
 U - a ring of willpower
 V - the cursed amulet "Eternal Together" (around neck) {RegenMP rPois Int+5, Bglg, Self}
   (You bought it in a shop on level 3 of the Dungeon)

   [amulet of magic regeneration]

   It increases your rate of magic regeneration.
   Int:       It affects your intelligence (+5).
   rPois:     It protects you from poison.
   It has a curse which improves the following skills: Beguiling: Conjurations,
   Hexes and Translocations.
   Introspection: Fighting and Spellcasting.
 Z - the ring of Aqaq {Fire Int+7 Dex+3}
   (You found it on level 5 of the Lair of Beasts)

   [ring of fire]

   It enhances your fire magic.
   Int:       It affects your intelligence (+7).
   Dex:       It affects your dexterity (+3).
   rF:        It protects you from fire.
   rC:        It makes you vulnerable to cold.
Wands
 r - a wand of digging (12)
 I - a wand of roots (68)
 X - a wand of acid (49)
Scrolls
 j - 7 scrolls of vulnerability
 k - 27 scrolls of teleportation
 q - 5 scrolls of magic mapping
 v - 12 scrolls of poison
 w - 9 scrolls of immolation
 A - 3 scrolls of blinking
 D - 6 scrolls of summoning
 E - 10 scrolls of fog
 J - 3 scrolls of torment
 N - 7 scrolls of fear
 W - 4 scrolls of silence
Potions
 g - 11 potions of cancellation
 i - 19 potions of curing
 o - a potion of ambrosia
 t - 7 potions of brilliance
 u - 10 potions of might
 x - 2 potions of resistance
 z - 14 potions of flight
 G - 10 potions of berserk rage
 H - 9 potions of haste
 K - 11 potions of attraction
 L - 13 potions of mutation
 M - 4 potions of magic
 O - 12 potions of heal wounds
 Q - 7 potions of invisibility
 S - 11 potions of lignification
Miscellaneous
 e - a box of beasts
 C - a lightning rod (4/4)
 Y - a phial of floods


   Skills:
 - Level 21.2(25.6) Fighting
 - Level 5.0(7.3) Short Blades
 - Level 16.6(18.9) Ranged Weapons
 - Level 2.1(4.0) Throwing
 - Level 19.1(21.3) Dodging
 - Level 26.0(27) Stealth
 - Level 5.7 Shields
 - Level 18.5(23.0) Spellcasting
 - Level 16.1(20.7) Hexes
 - Level 16.3(22.8) Summonings
 + Level 8.0(14.5) Necromancy
 - Level 14.1(18.8) Translocations
 - Level 2.0 Fire Magic
 - Level 12.0(15.6) Evocations


You had one spell level left.
You knew the following spells:

 Your Spells              Type           Power      Damage    Failure   Level
a - Enfeeble              Hex            53%        N/A       1%          7
b - Dragon's Call         Summ           55%        N/A       4%          9
c - Portal Projectile     Hex/Tloc       100%       N/A       0%          3
d - Summon Forest         Summ/Tloc      53%        N/A       0%          5
e - Passage of Golubria   Tloc           100%       N/A       0%          4
f - Disjunction           Tloc           51%        N/A       1%          8
g - Summon Mana Viper     Hex/Summ       100%       N/A       0%          5
h - Dispel Undead         Necr           92%        3d29      1%          4
i - Discord               Hex            53%        N/A       1%          8
j - Apportation           Tloc           100%       N/A       0%          1
k - Summon Guardian Gole  Hex/Summ       100%       N/A       0%          3
l - Malign Gateway        Summ/Tloc      53%        N/A       1%          7
m - Sublimation of Blood  Necr           92%        N/A       0%          2
n - Blink                 Tloc           100%       N/A       0%          2
o - Passwall              Tmut/Erth      30%        N/A       1%          2

Your spell library contained the following spells:

 Spells                   Type           Power      Damage    Failure   Level
 Necrotise                Necr           100%       1d9       0%          1
 Slow                     Hex            100%       N/A       0%          1
 Summon Small Mammal      Summ           100%       N/A       0%          1
 Beastly Appendage        Tmut           72%        N/A       1%          1
 Freeze                   Ice            100%       1d10      1%          1
 Sandblast                Erth           72%        2d16      1%          1
 Shock                    Conj/Air       100%       1d9       1%          1
 Call Imp                 Summ           100%       N/A       0%          2
 Lesser Beckoning         Tloc           100%       N/A       0%          2
 Call Canine Familiar     Summ           100%       N/A       0%          3
 Confusing Touch          Hex            100%       N/A       0%          3
 Tukima's Dance           Hex            100%       N/A       0%          3
 Vampiric Draining        Necr           92%        2d12      0%          3
 Cause Fear               Hex            53%        N/A       0%          4
 Manifold Assault         Tloc           100%       N/A       0%          4
 Cigotuvi's Dreadful Rot  Necr/Pois/Air  100%       N/A       1%          2
 Ensorcelled Hibernation  Hex/Ice        100%       N/A       1%          2
 Wereblood                Tmut           36%        N/A       1%          2
 Dazzling Flash           Conj/Hex       100%       N/A       1%          3
 Frozen Ramparts          Ice            72%        1d11      1%          3
 Hailstorm                Conj/Ice       39%        3d9       1%          3
 Ignite Poison            Fire/Tmut/Pois 41%        N/A       1%          3
 Inner Flame              Hex/Fire       83%        N/A       1%          3
 Ozocubu's Armour         Ice            36%        N/A       1%          3
 Spider Form              Tmut/Pois      36%        N/A       1%          3
 Stone Arrow              Conj/Erth      78%        3d11      1%          3
 Swiftness                Air            36%        N/A       1%          3
 Vhi's Electric Charge    Tloc/Air       100%       N/A       1%          3
 Volatile Blastmotes      Fire/Tloc      100%       2d18      1%          3
 Animate Armour           Summ/Erth      100%       N/A       1%          4
 Animate Dead             Necr           92%        N/A       1%          4
 Leda's Liquefaction      Hex/Erth       40%        N/A       1%          4
 Summon Ice Beast         Ice/Summ       83%        N/A       1%          4
 Summon Lightning Spire   Summ/Air       83%        N/A       1%          4
 Agony                    Necr           92%        N/A       1%          5
 Metabolic Englaciation   Hex/Ice        40%        N/A       1%          5
 Silence                  Hex/Air        40%        N/A       1%          5
 Yara's Violent Unravell  Hex/Tmut       40%        3d16      1%          5
 Death Channel            Necr           46%        N/A       1%          6
 Dispersal                Tloc           51%        N/A       1%          6
 Haunt                    Necr/Summ      51%        N/A       1%          7
 Summon Hydra             Summ           55%        N/A       1%          7
 Summon Horrible Things   Summ           55%        N/A       1%          8
 Airstrike                Air            18%        2d(3-19)  4%          4
 Ice Form                 Ice/Tmut       36%        N/A       4%          4
 Fireball                 Conj/Fire      22%        3d10      8%          5
 Borgnjor's Revivificati  Necr           46%        N/A       9%          8
 Infestation              Necr           46%        N/A       9%          8
 Iskenderun's Battlesphe  Conj           41%        2d9       10%         5
 Arcjolt                  Conj/Air       19%        1d29      12%         5
 Freezing Cloud           Conj/Ice/Air   19%        6-21      12%         5
 Alistair's Intoxication  Tmut/Pois      24%        N/A       13%         5
 Blade Hands              Tmut           18%        N/A       13%         5
 Lee's Rapid Deconstruct  Erth           18%        3d11*     13%         5
 Conjure Ball Lightning   Conj/Air       19%        3x3d6     50%         6
 Iron Shot                Conj/Erth      19%        9d4       50%         6
 Eringya's Noxious Bog    Tmut/Pois      18%        N/A       54%         6
 Orb of Destruction       Conj           20%        9d8       95%         7
 Dragon Form              Tmut           18%        N/A       98%         7
 Ozocubu's Refrigeration  Ice            18%        4d11      98%         7
 Storm Form               Tmut/Air       18%        N/A       98%         7
 Ignition                 Fire           24%        3d8       100%        8
 Maxwell's Capacitive Co  Air            18%        ∞         100%        8
 Fire Storm               Conj/Fire      22%        8d6       100%        9
 Polar Vortex             Ice            18%        N/A       100%        9


Dungeon Overview and Level Annotations

Branches:
Dungeon (15/15)            Temple (1/1) D:6            Lair (5/5) D:10
  Swamp (4/4) Lair:3        Snake (4/4) Lair:2        Slime (5/5) Lair:4
    Orc (2/2) D:12            Elf (3/3) Orc:2        Vaults (5/5) D:13
  Crypt (0/3) Vaults:2     Depths (4/4) D:15            Zot (5/5) Depths:4
  Sewer (visited)         Ossuary (visited)           IceCv (visited)
Gauntlet (visited)

Altars:
Ashenzari
Cheibriados
Dithmenos
Elyvilon
Fedhas
Gozag
Hepliaklqana
Kikubaaqudgha
Makhleb
Nemelex Xobeh
Okawaru
Qazlal
Ru
Sif Muna
Trog
Uskayaw
Vehumet
Wu Jian
Xom
Yredelemnul
Zin
The Shining One
Jiyva

Shops:
D:3 (=   D:6 =[*   D:10 *   D:12 :   Orc:2 (([=(   Elf:1 *   Vaults:1 :
Depths:4 =*

Portals:
Hell: Depths:1 Depths:2 Depths:3 Depths:4
Abyss: Depths:1 Depths:3
Pandemonium: Depths:2
Ziggurat: Depths:2

Annotations:
D:2 exclusion: downstairs
D:7 1 transporter, exclusion: downstairs
D:8 exclusion: door
D:9 exclusion: downstairs
D:11 exclusion: upstairs
D:12 exclusion: downstairs
Lair:2 Xudgha's ghost, journeyman MiFi
Swamp:1 1 runed translucent door, contendunt's ghost, adept MiFi
Swamp:3 exclusions: downstairs and upstairs
Swamp:4 1 runed translucent door, Foxy's ghost, adept GrFi
Snake:2 exclusion: downstairs
Snake:3 exclusion: 2 downstairs
Slime:4 exclusion: upstairs
Elf:2 3 runed translucent doors, exclusion: 3 doors
Vaults:4 exclusion: 3 downstairs
Depths:1 4 transporters
Depths:2 exclusion: downstairs
Depths:3 exclusion: downstairs
Zot:2 exclusion: downstairs


Innate Abilities, Weirdness & Mutations

You are very small and have problems with some larger weapons.
You are too small for most types of armour.
You have supernaturally acute eyesight. (SInv)
You cover ground extremely quickly. (Speed+++)
Your flesh is heat resistant. (rF+)
You are weak. (Str -2)


Message History

A hellion comes into view.
You shoot a bolt. The bolt hits the hellion!
The bolt freezes the hellion.
The hellion is moderately wounded.
Really fire in your mana viper's direction?
Okay, then.
Casting: Summon Mana Viper (safe; 0% risk of failure)
Confirm with . or Enter, or press ? or * to list all spells.
You begin teleporting projectiles to their destination.
Your mana viper misses the hellion.
The hellion completely misses your mana viper.
You magically shoot a bolt.
The bolt hits the hellion!!
The bolt freezes the hellion!
You kill the hellion!
No target in view!
Unknown command.
(D) Dungeon (T) Temple (L) Lair (S) Swamp (P) Snake Pit (M) Slime Pits (O) Orcish Mines (E) Elven Halls (V) Vaults (C) Crypt (U) Depths (H) Hell (Z) Zot
Where to? (Enter - D:1, ? - help)
What level of the Dungeon? (default 1, ? - help) Magic restored.
Your mana viper disappears in a puff of smoke!
You see here a +0 dagger.
There is a stone staircase leading up here.
You fly upwards.
Level annotation: exclusion: downstairs
There is a stone staircase leading down here.
There is a stone staircase leading up here.
You fly upwards.
There is a stone staircase leading down here.
You are no longer teleporting projectiles to their destination.
An Orb Guardian comes into view.
Aiming: Dig
Press: ? - help, Shift-Dir - straight line A rock wall.
This square is covered in magical glow.
The rock shatters into small pieces.
There is a staircase leading out of the dungeon here.
You have escaped!

#.# #.###.## #.# ##.######.#
#.### ###.### ##.........# #...#
#.....# #.....##########.#
#.###.# .......## ##.##.# #.#
#.## #
........####...#.######.###..####
........+.....................).'
........###.........######...####
.......## #.....@...# ##..## #
#.....## #.........#####.#.##
##...## #........X.....###.#
##+## #....8....#####.#.## #.#
#...♣.....# #..##
#.#######.........# #X##
##..†..............# #.#
##...#####..........# #.#
#........>.....###### ##.######


You could see an Orb Guardian.

Vanquished Creatures
  2 dread liches
  3 orbs of fire
  Bai Suzhen (Snake:3)
  A Killer Klown (Zot:5)
  Nikola (Snake:4)
  9 golden dragons
  A bone dragon (Zot:2)
  6 tentacled monstrosities
  3 electric golems (Zot:5)
  A hellephant (Depths:3)
  Rupert (Orc:2)
  A lich (Depths:3)
  Zenata (Elf:2)
  Asterion (Snake:2)
  8 Orb Guardians (Zot:5)
  2 deep elf blademasters (Elf:3)
  A death cob (Zot:5)
  2 deep elf master archers (Elf:3)
  3 sphinxes
  5 acid blobs
  Frances (Elf:1)
  2 quicksilver dragons (Zot:2)
  Gastronok (Lair:1)
  An ancient champion (Vaults:2)
  4 shadow dragons
  3 thorn hunters
  8 storm dragons
  4 tengu reavers
  6 azure jellies
  2 draconian monks
  A rockslime (Slime:5)
  5 fire giants
  3 frost giants
  4 vault wardens
  A draconian scorcher (Zot:3)
  3 ghost moths
  2 iron dragons
  6 deep elf sorcerers
  Aizul (Snake:4)
  4 deep elf elementalists
  2 orc warlords (Orc:1)
  The ghost of Kuralita the Martial Artist, a journeyman OpTm of Makhleb (D:15)
  10 ironbound preservers
  A draconian annihilator (Zot:5)
  A spriggan defender (Depths:1)
  A draconian stormcaller (Zot:1)
  6 quicksilver oozes
  4 very ugly things
  2 war gargoyles
  3 vampire knights
  8 ironbound thunderhulks
  An eleionoma (Swamp:3)
  4 green draconians
  10 stone giants
  7 black draconians
  3 deep elf demonologists
  A lorocyproca (D:3)
  4 white draconians
  3 spark wasps (Depths:4)
  3 deep elf annihilators
  8 bunyips
  4 purple draconians
  7 red draconians
  8 dire elephants
  A merfolk javelineer (Depths:2)
  Snorg (Lair:4)
  6 deep elf death magi
  3 crystal guardians
  16 yaktaur captains
  4 ettins
  Josephine (D:10)
  A jiangshi (Depths:3)
  3 deep elf high priests (Elf:3)
  10 fire dragons
  A shambling mangrove (Swamp:4)
  2 rakshasas
  4 great orbs of eyes
  A peacekeeper (Vaults:1)
  4 ice dragons
  A hell beast (Depths:4)
  13 hydras
  A ghost crab (Swamp:4)
  3 ogre magi (D:15)
  4 spriggan air magi
  8 boulder beetles
  6 anacondas
  Erica (Orc:1)
  7 centaur warriors
  18 dancing weapons
  11 alligators
  7 ironbound frosthearts
  A death knight (D:15)
  A hell hog (Depths:4)
  8 tengu warriors
  6 two-headed ogres
  2 deep troll shamans
  20 death yaks
  10 naga warriors
  Urug (D:10)
  6 deep troll earth magi (Depths:3)
  6 naga sharpshooters
  4 vampire magi
  4 orc high priests
  A spriggan berserker (Depths:4)
  Sonja (D:13)
  8 shock serpents
  8 deep elf knights
  A hell knight (Vaults:3)
  22 spriggans
  3 iron trolls
  5 salamander mystics
  3 fire crabs
  6 goliath frogs
  2 skysharks
  12 deep trolls
  3 naga ritualists
  2 flayed ghosts (Depths:1)
  3 glowing orange brains
  7 bog bodies
  5 spriggan druids
  An orange crystal statue (IceCv)
  11 deep elf archers
  17 ironbound convokers
  8 wizards
  15 lindwurms
  A sphinx zombie (Vaults:2)
  A necromancer (Vaults:2)
  7 swamp dragons
  3 phantasmal warriors
  An obsidian statue (Zot:5)
  28 deep elf zephyrmancers
  4 orc knights
  31 ugly things
  A wolf spider (D:15)
  4 will-o-the-wisps
  34 deep elf pyromancers
  A shining eye (Slime:4)
  3 orc sorcerers
  5 manticores
  10 elephants
  10 cyclopes
  8 mana vipers
  24 salamanders
  18 moths of wrath
  7 guardian serpents
  A human skeleton (Vaults:2)
  20 vault sentinels
  Maurice (Orc:2)
  32 black mambas
  19 naga magi
  5 molten gargoyles
  2 eyes of devastation (Slime:5)
  An orange demon (Depths:2)
  3 unseen horrors
  2 torpor snails
  10 cane toads
  21 yaktaurs
  Maggie (D:10)
  23 rime drakes
  A hellion (D:3)
  A tengu conjurer (Depths:3)
  10 komodo dragons
  5 freezing wraiths
  4 red devils
  An ice devil (Depths:2)
  A merfolk (shapeshifter) (Vaults:5)
  A queen bee (shapeshifter) (D:14)
  21 polar bears
  A merfolk (D:15)
  8 trolls
  A bloated husk (Swamp:1)
  A meliai (D:15)
  A queen bee (D:9)
  5 tyrant leeches
  A tarantella (shapeshifter) (Elf:2)
  An ettin zombie (Vaults:2)
  15 hornets
  17 dream sheep
  9 blink frogs (Lair:3)
  A human simulacrum (Vaults:4)
  A stone giant simulacrum (Vaults:4)
  43 slime creatures
  3 shadows
  2 vampires
  3 air elementals
  A culicivora (shapeshifter) (Vaults:5)
  11 water elementals
  3 wyverns
  7 wraiths
  3 fire elementals
  44 yaks
  7 basilisks
  5 steam dragons
  12 vampire mosquitoes
  39 nagas
  17 swamp worms
  An acid dragon (D:8)
  6 wargs
  19 water moccasins
  13 swamp drakes
  46 orc warriors
  4 black bears
  An ettin simulacrum (Vaults:2)
  12 ogres
  29 wolves
  2 human zombies (Vaults:4)
  2 sky beasts
  8 centaurs
  4 boggarts
  2 phantoms
  A kobold brigand (D:7)
  19 bullfrogs
  2 earth elementals (Elf:2)
  A gnoll sergeant (D:8)
  3 wights (Ossuary)
  4 killer bees (D:7)
  7 howler monkeys
  3 electric eels
  2 lava snakes
  A quasit (D:6)
  5 jellies
  22 orc priests
  A sleepcap (D:4)
  6 iguanas
  38 orc wizards
  8 hell rats
  Robin (D:3)
  11 gnolls
  14 adders
  3 white imps
  2 ufetubi (D:6)
  2 adder zombies (Ossuary)
  2 worms
  77 orcs
  13 ball pythons
  12 endoplasms
  7 giant cockroaches
  13 goblins
  10 hobgoblins
  5 jackals
  4 quokkas
  3 bats
  13 frilled lizards
  2 hobgoblin skeletons (Ossuary)
  A hobgoblin zombie (Ossuary)
  15 kobolds
  A kobold zombie (Ossuary)
  3 orc skeletons (Ossuary)
  7 rats
1710 creatures vanquished.

Vanquished Creatures (collateral kills)
  the Royal Jelly (Slime:5)
  7 dread liches
  3 ancient liches
  3 orbs of fire
  Sojobo (Vaults:5)
  Vv (Zot:1)
  Saint Roka (Depths:2)
  4 Killer Klowns (Zot:5)
  4 golden dragons
  A bone dragon (Depths:4)
  An electric golem (Zot:4)
  Jorgrun (Elf:1)
  15 Orb Guardians (Zot:5)
  11 tentacled monstrosities
  A walking earthen tome (Depths:1)
  2 deep elf master archers (Elf:3)
  2 quicksilver dragons
  A titan (Vaults:5)
  6 acid blobs
  3 sphinxes
  5 death cobs
  11 shadow dragons
  11 tengu reavers
  2 storm dragons
  2 azure jellies (Slime:5)
  2 draconian monks (Zot:1)
  3 draconian knights
  An azure jelly (shapeshifter) (Vaults:5)
  7 rockslimes
  5 fire giants
  3 frost giants
  A deep elf elementalist (Elf:3)
  13 vault wardens
  A ghost moth (Zot:5)
  5 draconian scorchers
  3 draconian annihilators
  A draconian stormcaller (Zot:5)
  15 very ugly things
  5 ironbound preservers
  2 war gargoyles
  2 quicksilver oozes (Slime:5)
  3 ironbound thunderhulks
  3 vampire knights
  5 stone giants
  6 black draconians
  3 green draconians
  4 deep elf demonologists
  A red draconian (Zot:1)
  A spark wasp (Depths:4)
  2 deep elf annihilators
  A yellow draconian (Zot:3)
  A dire elephant (Vaults:3)
  7 white draconians
  3 purple draconians
  5 deep elf death magi
  2 ettins
  A blizzard demon (Depths:2)
  4 fire dragons
  2 crystal guardians
  2 jiangshi (Depths:3)
  6 yaktaur captains
  A shambling mangrove (Swamp:4)
  A great orb of eyes (Slime:1)
  3 deep elf high priests (Elf:3)
  2 salamander tyrants (Snake:4)
  A rakshasa (Depths:2)
  24 vault guards (Vaults:5)
  2 ice dragons
  A jorogumo (shapeshifter) (Vaults:5)
  A ghost crab (Swamp:2)
  2 peacekeepers (Vaults:4)
  A spriggan air mage (Depths:4)
  4 ironbound frosthearts
  3 hydras
  2 anacondas (Snake:4)
  2 ogre magi (Vaults:5)
  An alligator (Swamp:3)
  2 centaur warriors (Vaults:1)
  A naga warrior (Snake:2)
  A tengu warrior (Depths:4)
  7 hell hogs (Depths:3)
  4 two-headed ogres (Vaults:5)
  2 dancing weapons
  2 deep troll shamans (Depths:4)
  2 hell knights
  2 vampire magi
  3 deep troll earth magi
  A shock serpent (Snake:4)
  2 spriggan berserkers
  A soul eater (Depths:4)
  2 deep elf knights
  2 naga sharpshooters
  6 salamander mystics
  2 iron trolls
  2 spriggan druids
  A swamp dragon (Swamp:4)
  18 deep trolls
  An orange crystal statue (Zot:5)
  6 deep elf archers
  A glowing orange brain (Slime:3)
  2 ironbound convokers
  7 wizards
  A naga ritualist (Snake:4)
  5 lindwurms
  2 mana vipers (Snake:4)
  3 phantasmal warriors
  4 deep elf pyromancers
  3 deep elf zephyrmancers (Elf:3)
  2 necromancers
  14 ugly things
  2 orc knights
  4 manticores (Depths:1)
  7 moths of wrath
  7 salamanders
  A shining eye (Slime:1)
  2 black mambas (Snake:4)
  A smoke demon (Depths:4)
  3 vault sentinels
  2 guardian serpents (Snake:4)
  An eye of devastation (shapeshifter) (Vaults:5)
  3 naga magi (Snake:4)
  A torpor snail (shapeshifter) (Vaults:5)
  A freezing wraith (Vaults:5)
  13 yaktaurs
  2 tengu conjurers (Depths:2)
  A troll (Elf:2)
  A tyrant leech (Swamp:2)
  A hornet (Swamp:3)
  A bloated husk (Swamp:3)
  2 air elementals
  67 slime creatures
  A spriggan (Swamp:4)
  A water elemental (Depths:2)
  5 nagas
  2 swamp worms (Swamp:3)
  6 hell hounds (Depths:1)
  A swamp drake (Swamp:4)
  6 orc warriors
  5 ogres (Vaults:5)
  An orc wizard (Depths:2)
  10 orcs
  A butterfly (Swamp:4)
  A snaplasher vine (Slime:4)
559 creatures vanquished.

Vanquished Creatures (others)
  2 Orb Guardians (Zot:5)
  19 eldritch tentacles
  A draconian monk (Zot:1)
  A draconian knight (Zot:3)
  A draconian scorcher (Zot:3)
  A vault warden (Vaults:5)
  An ironbound preserver (Vaults:2)
  A draconian annihilator (Zot:3)
  2 very ugly things
  3 green draconians
  2 black draconians
  A dire elephant (Vaults:3)
  2 red draconians
  A deep elf high priest (Elf:3)
  4 vault guards (Vaults:5)
  A fire dragon (Depths:4)
  A salamander tyrant (Snake:4)
  An ogre mage (Vaults:5)
  2 hydras (Depths:1)
  2 anacondas (Snake:4)
  A peacekeeper (Vaults:3)
  A centaur warrior (Vaults:1)
  A hell beast (Depths:1)
  An ironbound frostheart (Vaults:2)
  2 hell hogs (Depths:3)
  A deep troll shaman (Depths:1)
  A deep troll earth mage (Depths:3)
  2 deep elf knights (Elf:3)
  A dancing weapon (Vaults:2)
  An iron troll (Depths:1)
  4 deep trolls
  A swamp dragon (Swamp:4)
  2 harpies (Depths:1)
  An orc knight (D:15)
  An ironbound convoker (Vaults:1)
  An ugly thing (Depths:1)
  2 manticores (Depths:1)
  2 salamanders
  3 mana vipers (Snake:4)
  A moth of wrath (Zot:5)
  A bloated husk (Swamp:4)
  A slime creature (Vaults:3)
  A basilisk (Depths:1)
  A steam dragon (Swamp:4)
  2 ogres (Vaults:5)
  An orc priest (Depths:2)
  An orc (Depths:2)
  A butterfly (Lair:5)
  6 foxfires
  32 snaplasher vines
126 creatures vanquished.

Grand Total: 2395 creatures vanquished

Notes
Turn   | Place    | Note
-------+----------+-------------------------------------------
     0 | D:1      | Chodeload the Spriggan Wanderer began the quest for the
                  | Orb.
     0 | D:1      | Chodeload set off with the following items: a +0 dagger, a
                  | +0 cloak, a potion of berserk rage, a +0 robe, a wand of
                  | acid (4); and the following spell memorised: Slow; and the
                  | following spells available to memorise: Inner Flame.
     0 | D:1      | Reached XP level 1. HP: 10/10 MP: 3/3
   195 | D:1      | Reached skill level 1 in Stealth
   316 | D:1      | Reached XP level 2. HP: 12/14 MP: 1/5
   415 | D:1      | Reached skill level 1 in Short Blades
   674 | D:1      | Reached skill level 2 in Stealth
  1214 | D:2      | Noticed Robin
  1255 | D:1      | Reached XP level 3. HP: 18/18 MP: 4/6
  1423 | D:2      | Reached skill level 3 in Stealth
  1521 | D:2      | Reached XP level 4. HP: 17/23 MP: 7/7
  2212 | D:3      | Reached skill level 4 in Stealth
  2250 | D:3      | Found Ozuahics's Jewellery Boutique.
  2323 | D:3      | Found a glowing drain.
  2328 | Sewer    | Entered a sewer
  2414 | Sewer    | Reached XP level 5. HP: 25/27 MP: 5/8
  2631 | Sewer    | Reached skill level 5 in Stealth
  2776 | D:3      | Found Med Cen's Antique Weapon Shoppe.
  3115 | D:3      | Killed Robin
  3256 | D:4      | Identified the +2 leather armour of the Sky {Regen+}
  3293 | D:4      | Found an opulent altar of Gozag.
  3294 | D:4      | Found a basalt altar of Yredelemnul.
  3296 | D:4      | Found a hide-covered altar of Uskayaw.
  3296 | D:4      | Found a radiant altar of Vehumet.
  3296 | D:4      | Found a shimmering blue altar of Sif Muna.
  3299 | D:4      | Found a shadowy altar of Dithmenos.
  3299 | D:4      | Found a snail-covered altar of Cheibriados.
  3300 | D:4      | Found an iron altar of Okawaru.
  3385 | D:3      | Bought a bloodstained sling for 162 gold pieces
  3385 | D:3      | Identified the +7 sling of the Spider Nest {flame, rElec
                  | rPois rCorr Stlth-} (You bought it in a shop on level 3 of
                  | the Dungeon)
  3420 | D:4      | Noticed a black bear
  3433 | D:4      | Reached XP level 6. HP: 32/32 MP: 9/9
  3469 | D:4      | Reached skill level 1 in Ranged Weapons
  3605 | D:5      | Entered Level 5 of the Dungeon
  3620 | D:5      | Found a white marble altar of Elyvilon.
  3670 | D:5      | Found the +7 Throatcutter {drain, coup de grace}
  3702 | D:5      | Reached skill level 6 in Stealth
  3767 | D:5      | Found a sand-covered staircase.
  3789 | Ossuary  | Entered an ossuary
  3853 | Ossuary  | Reached XP level 7. HP: 19/36 MP: 10/10
  3949 | Ossuary  | Noticed a flying skull
  3949 | Ossuary  | Noticed a wraith
  3971 | Ossuary  | Noticed a flying skull
  3986 | Ossuary  | Noticed a wraith
  3998 | Ossuary  | Killed a wraith
  3999 | Ossuary  | Reached skill level 7 in Stealth
  4044 | Ossuary  | Reached skill level 5 in Dodging
  4056 | Ossuary  | Noticed a wraith
  4131 | Ossuary  | Killed a wraith
  4299 | D:5      | Reached skill level 8 in Stealth
  4435 | D:5      | Found a burning altar of Makhleb.
  4678 | D:4      | Reached XP level 8. HP: 40/40 MP: 11/11
  5034 | D:6      | Found Cyakhlux's Jewellery Emporium.
  5036 | D:6      | Found Huicuo's Armour Boutique.
  5040 | D:6      | Found Geywut's Assorted Antiques.
  5344 | D:6      | Reached skill level 9 in Stealth
  5420 | D:6      | Found a staircase to the Ecumenical Temple.
  5442 | Temple   | Entered the Ecumenical Temple
  5616 | Temple   | Became a worshipper of Ashenzari the Shackled
  5917 | D:7      | Noticed a seven-headed hydra
  5920 | D:7      | Noticed a troll
  5955 | D:7      | Killed a seven-headed hydra
  5956 | D:7      | Reached skill level 5 in Ranged Weapons
  5956 | D:7      | Reached skill level 10 in Stealth
  5956 | D:7      | Reached XP level 9. HP: 44/44 MP: 12/12
  5979 | D:7      | Killed a troll
  5995 | D:7      | Found the +1 robe of Vines {NoPotionHeal Regen++++}
  6005 | D:7      | Noticed a troll
  6030 | D:7      | Killed a troll
  6031 | D:7      | Reached skill level 11 in Stealth
  6260 | D:7      | Reached skill level 12 in Stealth
  6420 | D:7      | Noticed a two-headed ogre
  6520 | D:7      | Found a transporter.
  6566 | D:7      | Noticed a troll
  6756 | D:8      | Reached skill level 10 in Dodging
  6847 | D:8      | Reached XP level 10. HP: 49/49 MP: 13/13
  6852 | D:8      | Reached skill level 13 in Stealth
  7253 | D:8      | Noticed a boulder beetle
  7382 | D:9      | Learned a level 3 spell: Inner Flame
  7396 | D:9      | Found a glowing golden altar of the Shining One.
  7417 | D:9      | Noticed Joseph
  7456 | D:9      | Joseph changed into Joseph the queen bee
  7456 | D:9      | Noticed Joseph
  7473 | D:9      | Killed Joseph the queen bee
  7474 | D:9      | Reached skill level 14 in Stealth
  7474 | D:9      | Reached skill level 5 in Hexes
  7658 | D:10     | Entered Level 10 of the Dungeon
  8345 | D:10     | Noticed Urug
  8345 | D:10     | Noticed Josephine
  8454 | D:10     | Noticed a two-headed ogre
  8485 | D:10     | Killed a two-headed ogre
  8486 | D:10     | Reached skill level 1 in Fire Magic
  8579 | D:10     | Found Xeleavuz's Assorted Antiques.
  8622 | D:10     | Paralysed by a hornet for 3 turns
  8712 | D:10     | Noticed Maggie
  8724 | D:10     | Killed Maggie
  8725 | D:10     | Reached skill level 15 in Stealth
  8896 | D:10     | Reached XP level 11. HP: 53/53 MP: 16/16
  9088 | D:10     | Noticed a fire crab
  9233 | D:10     | Found a staircase to the Lair.
  9719 | D:11     | Noticed a two-headed ogre
  9757 | D:11     | Killed a two-headed ogre
  9758 | D:11     | Reached skill level 5 in Fighting
  9758 | D:11     | Reached skill level 10 in Ranged Weapons
 10308 | D:12     | Found a gate leading to a gauntlet.
 10344 | Gauntlet | Entered a Gauntlet
 10344 | Gauntlet | Found a transporter.
 10344 | Gauntlet | Found a transporter.
 10345 | Gauntlet | Found a transporter.
 10345 | Gauntlet | Found a transporter.
 10348 | Gauntlet | Found a transporter.
 10358 | Gauntlet | Found a transporter.
 10362 | Gauntlet | Found a transporter.
 10377 | Gauntlet | Found a transporter.
 10379 | Gauntlet | Noticed a death yak
 10379 | Gauntlet | Noticed a death yak
 10379 | Gauntlet | Noticed a death yak
 10380 | Gauntlet | Noticed a death yak
 10380 | Gauntlet | Found a transporter.
 10396 | Gauntlet | Found a transporter.
 10400 | Gauntlet | Found a transporter.
 10410 | Gauntlet | Found a transporter.
 10693 | D:10     | Killed Josephine
 10799 | Lair:1   | Entered Level 1 of the Lair of Beasts
 11345 | Lair:1   | Reached XP level 12. HP: 60/60 MP: 19/19
 11494 | Lair:1   | Noticed a death yak
 11495 | Lair:1   | Noticed a death yak
 11495 | Lair:1   | Noticed a death yak
 11496 | Lair:1   | Noticed a death yak
 11579 | Lair:1   | Killed a death yak
 11597 | Lair:1   | Killed a death yak
 11615 | Lair:1   | Killed a death yak
 11701 | Lair:1   | Killed a death yak
 11987 | D:10     | Killed Urug
 12110 | D:12     | Reached * piety under Ashenzari
 12110 | D:12     | Identified a scroll of acquirement
 12111 | D:12     | Acquired the +9 arbalest "Satullee" {drain, rN++ Will+
                  | rCorr Str-4}
 12201 | D:12     | Found Love Bism's Tremendous Tomes.
 12364 | D:12     | Reached skill level 5 in Short Blades
 12364 | D:12     | Reached skill level 5 in Evocations
 12639 | D:12     | Found an iron altar of Okawaru.
 12640 | D:12     | Noticed a centaur warrior
 12657 | D:12     | Found a staircase to the Orcish Mines.
 12685 | Orc:1    | Entered Level 1 of the Orcish Mines
 12896 | D:13     | Noticed a boulder beetle
 12897 | D:13     | Noticed a tengu warrior
 13119 | Lair:1   | Noticed Gastronok
 13128 | Lair:1   | Killed Gastronok
 13384 | Lair:2   | Noticed a death yak
 13385 | Lair:2   | Noticed a death yak
 13388 | Lair:2   | Noticed a death yak
 13400 | Lair:2   | Killed a death yak
 13425 | Lair:1   | Killed a death yak
 13432 | Lair:2   | Killed a death yak
 13433 | Lair:2   | Reached XP level 13. HP: 61/65 MP: 13/20
 13486 | Lair:2   | Found a transporter.
 13510 | Lair:2   | Found a transporter.
 13524 | Lair:2   | Noticed Xudgha's ghost (journeyman MiFi)
 13524 | Lair:2   | Identified the +0 scale mail of Feasting {*Corrode Will++
                  | Str+9 Stlth+}
 13524 | Lair:2   | Identified the scarf of Reiden {repulsion, rElec Regen+
                  | Slay+2}
 13582 | Lair:2   | Found a staircase to the Snake Pit.
 13758 | Lair:2   | Identified the +1 scale mail of Ubrusaimyf {Dex+4}
 13934 | Lair:2   | HP: 2/66 [poisoned by a black mamba]
 13953 | Lair:2   | Reached ** piety under Ashenzari
 14445 | Lair:3   | Reached skill level 15 in Ranged Weapons
 14561 | Lair:3   | You fall into a shaft and drop 2 floors!
 14561 | Lair:5   | Entered Level 5 of the Lair of Beasts
 14692 | Lair:4   | Found a staircase to the Slime Pits.
 14704 | Lair:3   | Found a staircase to the Swamp.
 15184 | Lair:3   | Reached *** piety under Ashenzari
 15557 | Lair:4   | Reached XP level 14. HP: 75/75 MP: 21/21
 15684 | Lair:4   | Reached skill level 10 in Fighting
 15691 | Lair:4   | Learned a level 3 spell: Portal Projectile
 15710 | Lair:4   | Reached skill level 1 in Translocations
 15907 | Lair:4   | Reached skill level 5 in Translocations
 16139 | Lair:4   | Noticed Snorg
 16171 | Lair:4   | Killed Snorg
 16388 | Lair:5   | Identified the +0 chain mail "Kiuclam" {Str+5}
 17221 | Lair:5   | Identified the ring of Aqaq {Fire Int+7 Dex+3}
 17631 | D:3      | Bought the amulet of Guzevy {RegenMP rPois Int+5} for 568
                  | gold pieces
 17948 | Orc:1    | Noticed an orc warlord
 17985 | Orc:1    | Killed an orc warlord
 17986 | Orc:1    | Reached XP level 15. HP: 85/85 MP: 19/22
 18075 | Orc:2    | Entered Level 2 of the Orcish Mines
 18075 | Orc:2    | Found a staircase to the Elven Halls.
 18111 | Orc:1    | Noticed Erica
 18117 | Orc:1    | Killed Erica
 18521 | Orc:2    | Noticed Rupert
 19007 | Orc:2    | Found Yreekygh's Antique Weapon Shoppe.
 19017 | Orc:2    | Noticed Maurice
 19026 | Orc:2    | Killed Maurice
 19239 | Orc:2    | Found Veghich's Jewellery Shoppe.
 19316 | Orc:2    | Found Gockuete's Antique Armour Emporium.
 19321 | Orc:2    | Found Giq Tauz's Antique Weapon Shoppe.
 19459 | Orc:2    | Killed Rupert
 19578 | Orc:2    | Found Xethrunui's Antique Weapon Boutique.
 19737 | D:12     | Reached skill level 5 in Spellcasting
 19742 | D:12     | Identified the +2 shortbow "Sokagimn" {flame, SInv}
 19762 | D:12     | Identified the +3 rapier of Dowdy Responsibility {freeze,
                  | rPois Int-5 Dex+2 Stlth+}
 19800 | D:12     | Identified the +0 chain mail of Death's Door {Contam rN+
                  | rCorr}
 19957 | D:12     | Reached skill level 1 in Throwing
 20081 | D:13     | Found a gate to the Vaults.
 20351 | D:13     | Noticed Sonja
 20362 | D:13     | Killed Sonja
 20770 | D:15     | Entered Level 15 of the Dungeon
 20770 | D:15     | Found a runed translucent gate.
 21656 | D:15     | Reached XP level 16. HP: 93/93 MP: 24/24
 21723 | D:15     | Found a hide-covered altar of Uskayaw.
 21826 | D:15     | Found a staircase to the Depths.
 21937 | D:15     | Found a runed translucent gate.
 21937 | D:15     | Found a runed translucent gate.
 21940 | D:15     | Noticed Kuralita's ghost (journeyman OpTm)
 21943 | D:15     | Identified the +12 short sword of the Enchanted Forest
                  | {venom, rC- Will+ Str+4 Int+3}
 21945 | D:15     | Identified the +1 robe "Isugopsa" {rElec rF+ Archmagi}
 22414 | Swamp:1  | Entered Level 1 of the Swamp
 22428 | Swamp:1  | Learned a level 5 spell: Summon Forest
 22490 | Swamp:1  | Reached skill level 1 in Summonings
 22605 | Swamp:1  | Noticed a thorn hunter
 22623 | Swamp:1  | Killed a thorn hunter
 22669 | Swamp:1  | Found a runed translucent door.
 22678 | Swamp:1  | Noticed contendunt's ghost (adept MiFi)
 23053 | Swamp:2  | Reached skill level 10 in Translocations
 23176 | Swamp:2  | Reached skill level 15 in Fighting
 23395 | Swamp:3  | Found a frozen archway.
 23417 | Swamp:3  | Reached skill level 16 in Stealth
 23450 | Swamp:3  | Noticed a tentacled monstrosity
 23466 | IceCv    | Entered an ice cave
 23569 | IceCv    | Reached skill level 17 in Stealth
 23756 | IceCv    | Reached skill level 18 in Stealth
 23831 | IceCv    | Identified the -1 pair of gloves of Asceticism {Str+5}
 23876 | IceCv    | Noticed a shard shrike
 24032 | Swamp:3  | Killed a tentacled monstrosity
 24207 | Swamp:3  | Reached skill level 19 in Stealth
 24281 | Swamp:4  | Entered Level 4 of the Swamp
 24302 | Swamp:4  | Reached XP level 17. HP: 101/101 MP: 19/28
 24718 | Swamp:4  | Reached skill level 20 in Stealth
 24795 | Swamp:4  | Found a runed translucent door.
 24795 | Swamp:4  | Noticed Foxy's ghost (adept GrFi)
 24795 | Swamp:4  | Noticed a tentacled monstrosity
 24795 | Swamp:4  | Found the +5 Lochaber axe {reach-cleave, Poleaxe Drain}
 24943 | Swamp:4  | Reached skill level 21 in Stealth
 25264 | Swamp:4  | Got a decaying rune of Zot
 25400 | Lair:2   | Reached skill level 22 in Stealth
 25458 | Snake:1  | Entered Level 1 of the Snake Pit
 26130 | Snake:2  | Reached skill level 23 in Stealth
 26631 | Snake:2  | Reached skill level 24 in Stealth
 26806 | Snake:2  | Noticed Asterion
 26820 | Snake:2  | Killed Asterion
 26946 | Snake:4  | Entered Level 4 of the Snake Pit
 27227 | Snake:3  | Noticed Bai Suzhen
 27320 | Snake:3  | Reached skill level 25 in Stealth
 27515 | Snake:3  | Reached XP level 18. HP: 106/106 MP: 25/29
 27640 | Snake:3  | Reached skill level 26 in Stealth
 27734 | Snake:3  | Found the +7 great mace "Undeadhunter" {deathbane, rN+}
 27995 | Snake:3  | Killed Bai Suzhen
 28018 | Snake:3  | Reached skill level 15 in Dodging
 28104 | Snake:4  | Noticed Aizul
 28222 | Snake:4  | Identified the +0 pair of gloves of the Shimmering Gods
                  | {Fly rF+++ Str-4 Int+2}
 28222 | Snake:4  | Noticed Nikola
 28416 | Snake:4  | Reached **** piety under Ashenzari
 28528 | Snake:4  | Killed Nikola
 28656 | Snake:4  | Learned a level 3 spell: Confusing Touch
 28986 | Snake:4  | Killed Aizul
 29400 | D:12     | Bought a book of Fixed Theme for 1260 gold pieces
 29404 | D:12     | Learned a level 3 spell: Tukima's Dance
 29410 | D:12     | Learned a level 5 spell: Summon Mana Viper
 29415 | D:12     | Learned a level 4 spell: Cause Fear
 29417 | D:12     | Upgraded the game from 0.30.0-17-ge0270778cf to
                  | 0.30.0-18-gc0e69614cb
 29491 | Elf:1    | Entered Level 1 of the Elven Halls
 29581 | Elf:1    | Found Vemuu's General Store.
 29653 | Elf:1    | Reached skill level 10 in Hexes
 29756 | Elf:1    | Noticed Jorgrun
 29787 | Elf:1    | Killed Jorgrun
 29896 | Elf:2    | Noticed Zenata
 29898 | Elf:2    | Killed Zenata
 30126 | Elf:1    | Learned a level 8 spell: Discord
 30165 | Elf:1    | Noticed Frances
 30184 | Elf:1    | Killed Frances
 30619 | Elf:2    | Reached XP level 19. HP: 112/112 MP: 22/33
 30638 | Elf:2    | Paralysed by an air elemental for 1 turns
 30810 | Elf:3    | Entered Level 3 of the Elven Halls
 31037 | Elf:2    | Reached skill level 15 in Hexes
 31226 | Elf:2    | Found a runed translucent gate.
 31227 | Elf:2    | Found a runed translucent gate.
 31227 | Elf:2    | Found a runed translucent gate.
 32236 | Snake:4  | Got a serpentine rune of Zot
 33511 | Elf:3    | Noticed a Tzitzimitl
 33811 | Elf:3    | Identified the ring "Coleocw" {Wiz MP+9 Str+2}
 33819 | Elf:3    | Reached XP level 20. HP: 119/119 MP: 28/37
 33887 | Elf:3    | Identified the staff of air "Heynyn" {rElec rF+ rN+ Str-5
                  | Int+5}
 33887 | Elf:3    | Identified the staff of death "Tiaxt" {rElec rN+ Str+4
                  | Int-5 SInv}
 33899 | Elf:3    | Identified the ring "Gyjit" {Fly rCorr Int+4}
 33970 | Elf:3    | Identified the +1 falchion of Loti Hin {flame, rPois rC-
                  | Int+4 Dex+4}
 33970 | Elf:3    | Identified the +4 great mace of Qazlal's Castigation
                  | {freeze, Will+ MP+9}
 33971 | Elf:3    | Identified the +5 falchion of Objectivity {freeze, rN++
                  | rCorr MP-9 Stlth+}
 33972 | Elf:3    | Identified the +2 pair of gloves "Todel" {rN++ Dex+3}
 33973 | Elf:3    | Identified the staff of cold "Eshrexuf" {rC+ rN+}
 33973 | Elf:3    | Identified the +5 ring mail "Koninger" {+Inv rElec rC+}
 33974 | Elf:3    | Identified the staff of cold "Kuru" {+Blink rC+ Str+2 Dex+9
                  | Stlth-}
 33991 | Elf:3    | Learned a level 1 spell: Apportation
 34034 | Elf:3    | Learned a level 3 spell: Summon Guardian Golem
 34311 | Vaults:1 | Entered Level 1 of the Vaults
 34624 | Vaults:1 | Found Nuffaaf's Book Boutique.
 35718 | D:12     | Bought a book of Fixed Theme for 1092 gold pieces
 35862 | Vaults:2 | Reached skill level 10 in Spellcasting
 36320 | Vaults:2 | Found a staircase to the Crypt.
 36441 | Vaults:2 | Learned a level 7 spell: Malign Gateway
 37322 | Vaults:3 | Reached skill level 5 in Summonings
 37804 | Vaults:3 | Noticed a dread lich
 37867 | Vaults:3 | Reached XP level 21. HP: 124/124 MP: 27/40
 38824 | Vaults:3 | Killed a dread lich
 40406 | D:10     | Bought a scroll of enchant weapon for 232 gold pieces
 40559 | Depths:1 | Entered Level 1 of the Depths
 40561 | Depths:1 | Found a one-way gate to the infinite horrors of the Abyss.
 40630 | Depths:2 | Reached skill level 1 in Shields
 40841 | Depths:1 | Identified the orb "Qiopaal" {guile, rN+}
 40901 | Depths:1 | Found a gateway to Hell.
 41083 | Depths:1 | Found a transporter.
 41089 | Depths:1 | Found a transporter.
 41235 | Depths:1 | Reached skill level 5 in Shields
 41471 | Depths:1 | Reached ***** piety under Ashenzari
 41533 | Depths:1 | Found a transporter.
 41568 | Depths:1 | Found a transporter.
 41716 | Depths:1 | Reached skill level 10 in Summonings
 41783 | Depths:1 | Reached XP level 22. HP: 131/131 MP: 41/42
 42289 | D:15     | Killed Kuralita's ghost
 42532 | Vaults:1 | Bought a book of the Dragon for 598 gold pieces
 42542 | Vaults:1 | Learned a level 9 spell: Dragon's Call
 42792 | Depths:2 | Found a one-way gate leading to the halls of Pandemonium.
 42935 | Depths:2 | Found a one-way gateway to a ziggurat.
 42987 | Depths:2 | Noticed Saint Roka
 43051 | Depths:2 | Killed Saint Roka
 43084 | Depths:2 | Found the +3 pair of gauntlets of War {Slay+5}
 44092 | Depths:4 | Entered Level 4 of the Depths
 44329 | Depths:3 | Identified Sif Muna's Lectures on the Crevasse and
                  | Incineration
 44344 | Depths:3 | Identified the Secrets of Displaced Leadership
 44360 | Depths:3 | Identified the Handbook of Lofty Accompaniment
 44401 | Depths:3 | Learned a level 4 spell: Passage of Golubria
 44405 | Depths:3 | Found a shimmering blue altar of Sif Muna.
 44547 | Depths:3 | Noticed an ancient lich
 44552 | Depths:3 | Noticed a dread lich
 44571 | Depths:3 | Killed an ancient lich
 44573 | Depths:3 | Killed a dread lich
 44628 | Depths:3 | Identified Waden's Meditations on Frostbitten
                  | Transmigration
 45080 | Depths:4 | Reached skill level 15 in Summonings
 45121 | Depths:4 | Found a gate to the Realm of Zot.
 45170 | Depths:4 | Found Gotoc's General Store.
 45174 | Depths:4 | Found Eteumuy's Jewellery Shop.
 45216 | Depths:4 | Reached XP level 23. HP: 135/135 MP: 37/44
 45723 | Depths:4 | Learned a level 8 spell: Summon Horrible Things
 46079 | Slime:1  | Entered Level 1 of the Pits of Slime
 46341 | Slime:4  | Found a viscous altar of Jiyva.
 46357 | Slime:5  | Entered Level 5 of the Pits of Slime
 46583 | Slime:5  | Found a viscous altar of Jiyva.
 46583 | Slime:5  | Noticed the Royal Jelly
 46618 | Slime:5  | Killed the Royal Jelly
 46709 | Slime:5  | Identified the amulet "Hadado" {Spirit Int+4}
 46710 | Slime:5  | Identified the Compilation of Sandy Ignition
 46710 | Slime:5  | Found the +2 hood of the Assassin {Detect Stab+ Stlth++}
 46711 | Slime:5  | Identified the +1 battleaxe "Qool" {freeze, Fly rElec rPois
                  | rC+}
 46711 | Slime:5  | Identified the +2 ring mail of the Other World {rElec Dex+3
                  | Slay-3}
 46713 | Slime:5  | Identified the staff of poison "Moiha" {+Blink rPois rCorr
                  | Int+2}
 46725 | Slime:5  | Got a slimy rune of Zot
 46778 | Slime:5  | Identified the +10 eveningstar of Chodeload's Anguish
                  | {heavy, rF+ rC+}
 46799 | Slime:5  | Identified Xittufum's Codex of Cold Open Graves
 46805 | Slime:5  | Identified the +5 broad axe of Essiez {drain, rPois Will-
                  | Dex+4}
 47193 | Vaults:1 | Bought a book of Decay for 390 gold pieces
 47198 | Vaults:1 | Learned a level 4 spell: Dispel Undead
 47326 | Vaults:5 | Entered Level 5 of the Vaults
 47398 | Vaults:5 | Reached skill level 15 in Spellcasting
 47990 | Vaults:5 | Noticed an ancient lich
 47990 | Vaults:5 | Noticed a dread lich
 48000 | Vaults:5 | Killed a dread lich
 48001 | Vaults:5 | Reached XP level 24. HP: 141/141 MP: 33/47
 48001 | Vaults:5 | Killed an ancient lich
 48038 | Vaults:5 | Identified the staff of conjuration "Cuciem" {rC+ rN+ Int+6
                  | Dex-4}
 48046 | Vaults:5 | Noticed a dread lich
 48053 | Vaults:5 | Killed a dread lich
 48173 | Vaults:5 | Got a silver rune of Zot
 48297 | Vaults:5 | Noticed a dread lich
 48303 | Vaults:5 | Killed a dread lich
 48306 | Vaults:5 | Noticed Sojobo
 48319 | Vaults:5 | Killed Sojobo
 48336 | Vaults:5 | Identified the amulet "Asuonwez" {Spirit rPois rC+}
 48356 | Vaults:5 | Identified the +4 glaive of the Silly God {antimagic, rF+
                  | Int-2 Dex+4}
 48456 | Vaults:5 | Learned a level 2 spell: Sublimation of Blood
 48696 | Vaults:5 | Noticed an ancient lich
 48700 | Vaults:5 | Identified the +9 long sword of the Key {distort, *Rage
                  | Str+4}
 48705 | Vaults:5 | Killed an ancient lich
 48710 | Vaults:5 | Identified the +0 plate armour of Prudence {*Corrode rF+
                  | Str+4}
 48725 | Vaults:5 | Identified the Omnibus of Cold Heat
 48895 | Vaults:5 | Identified the staff of fire "Guilav" {+Blink rPois rF+ rC-
                  | Stlth+}
 49270 | Zot:1    | Entered Level 1 of the Realm of Zot
 49284 | Zot:1    | Identified the amulet of Byxyiwn {RegenMP Drain Regen+
                  | Int+8}
 49364 | Zot:1    | Noticed Vv
 49383 | Zot:1    | Killed Vv
 50034 | Zot:2    | Noticed an orb of fire
 50035 | Zot:2    | Noticed an orb of fire
 50035 | Zot:2    | Gained mutation: You do not regenerate when monsters are
                  | visible. [an orb of fire]
 50062 | Zot:2    | Killed an orb of fire
 50063 | Zot:2    | Reached skill level 10 in Evocations
 50081 | Zot:2    | Gained mutation: Your body sometimes deteriorates upon
                  | taking damage. [an orb of fire]
 50095 | Zot:2    | Lost mutation: Your body sometimes deteriorates upon taking
                  | damage. [potion of mutation]
 50095 | Zot:2    | Lost mutation: You do not regenerate when monsters are
                  | visible. [potion of mutation]
 50095 | Zot:2    | Gained mutation: Your flesh is heat resistant. (rF+)
                  | [potion of mutation]
 50095 | Zot:2    | Gained mutation: You are weak. (Str -2) [potion of
                  | mutation]
 50374 | Zot:2    | Identified the +1 flail of the Elven Halls {drain, Fly
                  | rPois Stlth+} (You took it off a black draconian on level 2
                  | of the Realm of Zot)
 50758 | Zot:2    | Killed an orb of fire
 51024 | Zot:2    | Reached XP level 25. HP: 149/149 MP: 49/49
 51035 | Zot:2    | Learned a level 7 spell: Enfeeble
 51141 | Zot:2    | Identified the +1 ring mail "Cyqouku" {Dex+6}
 52158 | Zot:4    | Noticed an orb of fire
 52169 | Zot:4    | Killed an orb of fire
 52437 | Zot:4    | Acquired an Inescapable Atlas
 52439 | Zot:4    | Reached ****** piety under Ashenzari
 52450 | Zot:4    | Learned a level 2 spell: Blink
 52688 | Zot:5    | Entered Level 5 of the Realm of Zot
 53213 | Zot:5    | Identified the +1 scale mail of the Barber Surgeon {rCorr
                  | Dex+4}
 53501 | Zot:5    | Noticed an orb of fire
 53538 | Zot:5    | Killed an orb of fire
 53588 | Zot:5    | Noticed a dread lich
 53608 | Zot:5    | Killed a dread lich
 53617 | Zot:5    | Noticed an orb of fire
 53622 | Zot:5    | Noticed a Killer Klown
 53628 | Zot:5    | Killed an orb of fire
 53634 | Zot:5    | Killed a Killer Klown
 53870 | Zot:5    | Noticed a Killer Klown
 53873 | Zot:5    | Noticed an orb of fire
 53958 | Zot:5    | Killed an orb of fire
 54037 | Zot:5    | Killed a Killer Klown
 54118 | Zot:5    | Noticed a Killer Klown
 54150 | Zot:5    | Killed a Killer Klown
 54170 | Zot:5    | Noticed a Killer Klown
 54170 | Zot:5    | Noticed a Killer Klown
 54193 | Zot:5    | Noticed a dread lich
 54198 | Zot:5    | Killed a dread lich
 54199 | Zot:5    | Noticed a dread lich
 54203 | Zot:5    | Killed a Killer Klown
 54207 | Zot:5    | Killed a Killer Klown
 54208 | Zot:5    | Reached XP level 26. HP: 165/165 MP: 17/51
 54221 | Zot:5    | Killed a dread lich
 54322 | Zot:5    | Reached skill level 5 in Necromancy
 54563 | Zot:5    | Noticed a dread lich
 54566 | Zot:5    | Killed a dread lich
 54813 | Zot:5    | Learned a level 8 spell: Disjunction
 54816 | Zot:5    | Learned a level 2 spell: Passwall
 54816 | Zot:5    | Got the Orb of Zot
 55208 | D:10     | Noticed Osatedgh the pandemonium lord
 55461 | D:$      | Escaped with the Orb!

Illustrated notes

Levels and vault maps discovered:
D:1:      wander_arrival_lonely_grave, layout_loops_corners
D:2:      layout_rooms, nicolae_concentric_dashed_squares_mild,
          minmay_misc_feat_encased, corexii_corridor_pit, uniq_robin
D:3:      layout_rooms, portal_sewer_entry_e, serial_shops,
          nicolae_shop_crystal, shop
D:4:      layout_loops_cross, grunt_temple_overflow_open, abandoned_shop
D:5:      layout_loops_ring, elyvilon_altar_5, mainiacjoe_overflow_alcove_2,
          nicolae_ossuary_entry_false_entrances
D:6:      layout_basic, minmay_temple_entry_mini_moons, serial_demonic,
          serial_demonic_e, serial_demonic_b, serial_demonic_f,
          serial_demonic_b, nicolae_wooded_promenade
D:7:      gammafunk_beogh_shrine, layout_loops_ring, chequers_mini_garden,
          amethyst_killhole, hellmonk_guarded_unrand_vines
D:8:      cheibrodos_two_vegetables, layout_basic
D:9:      layout_basic, mainiacjoe_overflow_concentric_impassable, uniq_joseph
D:10:     layout_roguey, minmay_lair_entry_lava, serial_shops, shop, uniq_urug,
          uniq_josephine, uniq_maggie
D:11:     layout_loops_ring
D:12:     evilmike_iron_armoury, layout_gridville, orc_0_dummy,
          gauntlet_entry_generic, nicolae_shop_i_like_big_books
D:13:     layout_big_octagon, erik_vaults_1, minivault_8, uniq_sonja
D:14:     layout_rooms, roderic_lattice_a, kennysheep_generic_room_3
D:15:     hangedman_depths_entry_try_elsewhere_first, layout_small_grid,
          biasface_ghost_orc_armoury, nicolae_uskayaw_dance_hall,
          minmay_hollow_rounded_squares
Temple:   grunt_temple_mini_profane
Lair:1:   layout_gridlike, infiniplex_staircase_pool_2, grunt_megastairs_4,
          uniq_gastronok
Lair:2:   layout_big_grid, nicolae_snake_entry_squirm,
          gammafunk_ghost_berserking_beasts, serial_bayou_shore_b,
          infiniplex_staircase_pool, grunt_megastairs_2
Lair:3:   layout_roguey, skrybe_swamp_entry_bodies, nzn_random_ring
Lair:4:   beast_lair_carwin_large_1, layout_cave_shapes,
          nicolae_slime_entry_field_trip, minmay_shattered_shrine, uniq_snorg
Lair:5:   minmay_lair_end_enchanted_forest, layout_layer_cave,
          lemuel_old_faithful, lemuel_fruit_fields, lemuel_fruit_fields
Swamp:1:  layout_basic_swamp, ebering_ghost_reflecting_pool,
          hangedman_swamp_lotus
Swamp:2:  layout_basic_swamp, serial_swamp_ruin, evilmike_swamp_ruin_wall,
          evilmike_swamp_ruin_rubble_2, evilmike_swamp_ruin_house_2,
          swamp_pool3, worms_lemuel
Swamp:3:  layout_basic_swamp, portal_ice_cave_entry_ugly_swarm,
          evilmike_swamp_ruin_house_6, swamp_pool5
Swamp:4:  swamp_fiery, layout_basic_swamp, ebering_ghost_inner_flame,
          swamp_pool5, nicolae_swamp_frolicking_bunyips
Snake:1:  layout_concentric_octagons
Snake:2:  layout_gridlike, uniq_asterion
Snake:3:  onia_ninara_swampy_vault, layout_gridlike, uniq_bai_suzhen
Snake:4:  snake_pit_salamanders_mu, layout_layer_cave, uniq_aizul, uniq_nikola
Slime:1:  layout_caves
Slime:2:  layout_caves, basic_altar
Slime:3:  layout_caves
Slime:4:  layout_caves, basic_altar
Slime:5
Orc:1:    layout_caves, minmay_orc_temple_a, uniq_erica
Orc:2:    grunt_orc_community_town_hall, layout_diamond_mine,
          grunt_orc_community_big_house_1, grunt_orc_community_big_house_2,
          grunt_orc_community_house_3, grunt_orc_community_house_1,
          grunt_orc_community_house_3, grunt_orc_community_house_2,
          grunt_orc_community_house_1, grunt_orc_community_house_3,
          serial_shops, shop, uniq_rupert, uniq_maurice
Elf:1:    eino_elf_arrival_customs, layout_loops_cross, serial_shops,
          shop_fountains, hangedman_elf_disciples, minivault_25_ag,
          uniq_jorgrun, uniq_frances
Elf:2:    nicolae_elf_blades_crystal_corner, layout_loops_corners, uniq_zenata
Elf:3:    minmay_elf_hall_circle, layout_geoelf_castle, glass_columns_a
Vaults:1: grunt_vaults_bifocal, nicolae_vaults_offset_grid_hallway_3,
          ontoclasm_vaults_claustrophobia, grunt_vaults_trifunnel,
          nicolae_vaults_sesquioval_fish, v_alt_pattern_4,
          nicolae_vaults_cochlea, nicolae_vaults_house_1, v_pattern_3,
          v_rooms_1, v_alt_pattern_1, hangedman_vaults_maws,
          nicolae_vaults_storage_closets_2, layout_vaults_omnibox, serial_shops,
          nicolae_shop_advertising_works [nicolae_subvault_shop_adworks]
Vaults:2: minmay_crypt_entry_simple_corners, grunt_vaults_twisty,
          vaults_dpeg_hooks, nicolae_vaults_border_crossing,
          nicolae_vaults_windows_and_doors_thing, v_alt_pattern_1,
          nicolae_vaults_theta, dpeg_vaults_monster_box,
          nicolae_vaults_closet_pinwheel_2, nicolae_vaults_double_plus_1,
          nicolae_vaults_house_1, layout_vaults_quadrants, serial_glass
Vaults:3: nicolae_vaults_thirteen_compartments, hangedman_vaults_nodes,
          nicolae_vaults_spaceships, vaults_room_octagon, v_misc_30,
          vaults_mumra_chevron, nicolae_vaults_network_barrier,
          hangedman_vaults_pinch, hangedman_vaults_stream,
          vaults_room_semicircle, nicolae_vaults_double_plus_1,
          nicolae_vaults_trapezoid_layered, ontoclasm_vaults_fault,
          layout_vaults_maze
Vaults:4: ontoclasm_vaults_loading_screen, v_misc_26,
          nicolae_vaults_shelves_hall, nicolae_vaults_network_star, v_misc_1,
          nicolae_vaults_turnstiles, nicolae_vaults_house_1,
          hangedman_vaults_snaps, nicolae_vaults_ring_of_whatevers,
          nicolae_vaults_little_squares_5, nicolae_vaults_layer_cake_slice,
          v_misc_10, layout_vaults_omnicross
Vaults:5: serial_shops, uniq_sojobo
Depths:1: evilmike_diamond_1, layout_gridlike, hell_entry,
          chequers_serial_rivers_large_a, abyss_entry, special_room
          [special_room_mythical_zoo], minmay_misc_feat_tiny,
          chequers_serial_rivers_marsh, nicolae_transporter_intersection
Depths:2: dreamdust_cat_pyramid, layout_cave_pools, enter_ziggurat_b,
          rand_demon_pan_entry_1, pf_hell_entry_great_geh, uniq_saint_roka
Depths:3: evilmike_library_of_no_secrets, layout_gridlike, grunt_hell_horde,
          abyss_entry_small_statue_room
Depths:4: evilmike_zot_entry_basic, layout_cave_pools, hellmouth_1,
          hangedman_decor_diamond_cutter, nicolae_figureground_sparkle,
          minmay_shop_star
Zot:1:    layout_gridville, uniq_vv
Zot:2:    layout_gridlike, st_small_dragon_hoard_3, lemuel_lake_of_fire
Zot:3:    layout_misc_corridors, grunt_ministairs_7, grunt_megastairs_1
Zot:4:    layout_twisted_circle
Zot:5:    layout_gridlike

Skill      XL: |  1  2  3  4  5  6  7  8  9 10 11 12 13 14 15 16 17 18 19 20 21 22 23 24 25 26 |
---------------+-------------------------------------------------------------------------------+-----
Stealth        | 1 2 3 4 5 6 8 10 12 15 19 25 26 | 26.0
Short Blades   | 1 2 3 5 |  5.0
Fighting       | 2 3 4 5 6 9 12 14 15 16 18 21 | 21.2
Ranged Weapons | 2 3 5 7 9 12 14 15 16 | 16.6
Dodging        | 4 5 8 10 12 13 15 16 18 19 | 19.1
Hexes          | 5 6 13 16 | 16.1
Spellcasting   | 3 4 5 6 9 12 16 18 | 18.5
Fire Magic     | 2 |  2.0
Evocations     | 5 12 | 12.0
Translocations | 6 11 13 14 | 14.1
Throwing       | 2 |  2.1
Summonings     | 3 5 10 15 16 | 16.3
Shields        | 5 |  5.7
Necromancy     | 4 8 |  8.0

Action                     |  1- 3 |  4- 6 |  7- 9 | 10-12 | 13-15 | 16-18 | 19-21 | 22-24 | 25-27 || total
---------------------------+-------+-------+-------+-------+-------+-------+-------+-------+-------++-------
  Melee: Dagger            |   243 |   376 |       |     2 |    25 |    20 |    66 |    13 |       ||   745
         Punch             |     4 |     2 |       |       |     1 |       |       |       |       ||     7
         Short sword       |       |    16 |       |       |       |       |       |       |       ||    16
         Unarmed           |       |       |     7 |       |       |       |       |       |       ||     7
   Fire: Sling             |       |    53 |   317 |   752 |       |       |       |       |       ||  1122
         Arbalest          |       |       |       |   160 |  1166 |  1351 |   878 |       |       ||  3555
         Hand crossbow     |       |       |       |       |       |       |   126 |  1000 |   417 ||  1543
  Throw: Dart              |       |     2 |       |       |       |       |       |       |       ||     2
   Cast: Slow              |    30 |    33 |       |    34 |       |       |       |       |       ||    97
         Inner Flame       |       |       |       |     1 |       |       |       |       |       ||     1
         Portal Projectile |       |       |       |       |    47 |    94 |    96 |    88 |    36 ||   361
         Summon Forest     |       |       |       |       |       |    41 |    42 |    27 |    14 ||   124
         Summon Mana Viper |       |       |       |       |       |    14 |    88 |    97 |    41 ||   240
         Tukima's Dance    |       |       |       |       |       |     5 |    20 |    10 |       ||    35
         Discord           |       |       |       |       |       |       |    28 |    31 |     9 ||    68
         Summon Guardian G |       |       |       |       |       |       |    12 |    15 |     4 ||    31
         Malign Gateway    |       |       |       |       |       |       |     6 |    11 |     2 ||    19
         Apportation       |       |       |       |       |       |       |       |     3 |       ||     3
         Passage of Golubr |       |       |       |       |       |       |       |     2 |       ||     2
         Cause Fear        |       |       |       |       |       |       |       |     1 |       ||     1
         Dragon's Call     |       |       |       |       |       |       |       |     8 |    11 ||    19
         Summon Horrible T |       |       |       |       |       |       |       |     4 |       ||     4
         Dispel Undead     |       |       |       |       |       |       |       |     2 |     3 ||     5
         Sublimation of Bl |       |       |       |       |       |       |       |     1 |     7 ||     8
         Enfeeble          |       |       |       |       |       |       |       |       |    13 ||    13
         Disjunction       |       |       |       |       |       |       |       |       |     2 ||     2
 Invoke: Curse Item        |       |       |       |     2 |     3 |     2 |     2 |     1 |     1 ||    11
         Shatter the Chain |       |       |       |       |     2 |     1 |       |       |       ||     3
  Evoke: Wand              |       |       |     5 |     5 |     1 |     4 |       |       |     2 ||    17
    Use: Scroll            |     1 |     7 |     2 |     2 |     3 |     4 |    10 |    10 |     4 ||    43
         Potion            |       |       |       |       |     1 |     1 |       |     2 |       ||     4
   Stab: Sleeping          |     3 |    15 |       |     1 |    22 |    17 |    43 |    13 |       ||   114
 Armour: Robe              |    33 |   107 |    38 |    58 |    58 |    41 |     8 |    12 |     1 ||   356
  Dodge: Dodged            |   146 |   281 |   126 |   289 |   488 |   475 |   349 |   312 |   133 ||  2599
         Repelled          |       |       |       |       |     5 |    34 |     9 |    20 |    16 ||    84
  Block: Buckler           |       |       |       |       |       |       |     7 |    97 |    30 ||   134
